 Dungeon Crawl Stone Soup version 0.29-a0-962-gc8bbfd0a37 (webtiles) character file.

Game seed: 856117211230912476

3322 xian the Chopper (level 9, -2/106 HPs)
             Began as a Demonspawn Berserker on July 28, 2022.
             Was a Priest of Trog.
             Slain by an orc warrior
             ... wielding a +0 trident
              (10 damage)
             ... in a bailey on July 30, 2022.
             The game lasted 00:24:18 (8110 turns).

xian the Chopper (Demonspawn Berserker)             Turns: 8110, Time: 00:24:18

Health: -2/106     AC: 13    Str: 21    XL:     9   Next: 71%
Magic:  9/9        EV:  8    Int:  8    God:    Trog [***...]
Gold:   101        SH:  4    Dex: 14    Spells: 8/8 levels left

rFire   . . .      SeeInvis .   v - +3 war axe
rCold   . . .      Faith    .   w - +0 buckler
rNeg    . . .      Spirit   .   e - +1 chain mail
rPois   .          Reflect  .   (no helmet)
rElec   .          Harm     .   r - +0 cloak
rCorr   .          Rampage  .   (no gloves)
Will    +++..                   (no boots)
Stlth   ..........              (no amulet)
HPRegen 1.27/turn               m - ring of willpower
MPRegen 0.11/turn               (no ring)

@: berserking (expiring), strong-willed, regenerating, very quick
A: claws 1, powered by death 2, sharp scales 1
a: Renounce Religion, Berserk, Trog's Hand


You were in a bailey.
You worshipped Trog.
Trog was most pleased with you.
You visited 1 branch of the dungeon, and saw 7 of its levels.
You also visited: Ossuary and Bailey.

You collected 227 gold pieces.
You spent 126 gold pieces at shops.

Inventory:

Hand Weapons
 q - the +4 dagger "Nusy" {pain, Dex+4}
   (You found it on level 3 of the Dungeon)

   In the hands of one skilled in necromantic magic, it inflicts extra damage on
   living creatures.
   Dex:       It affects your dexterity (+4).
   Trog disapproves of the use of such an item.
 v - a +3 war axe (weapon)
Missiles
 s - 4 curare-tipped darts (quivered)
Armour
 a - the +1 ring mail "Buiqao" {Fly}
   (You found it on level 6 of the Dungeon)

   Fly:       It grants you flight.
 e - a +1 chain mail (worn)
 r - a +0 cloak (worn)
 u - the +3 leather armour of the Abyss {*Slow rF++ rCorr SInv}
   (You found it on level 3 of the Dungeon)

   rF:        It greatly protects you from fire.
   SInv:      It lets you see invisible.
   rCorr:     It protects you from acid and corrosion.
   *Slow:     It may slow you when you take damage.
 w - a +0 buckler (worn)
 y - the +1 robe "Vuokhete" {rElec rC+ Int+2}
   (You found it on level 6 of the Dungeon)

   Int:       It affects your intelligence (+2).
   rC:        It protects you from cold.
   rElec:     It insulates you from electricity.
 E - a scarf of shadows
Jewellery
 m - a ring of willpower (left claw)
Wands
 n - a wand of roots (5)
 t - a wand of polymorph (6)
 A - a wand of paralysis (16)
 B - a wand of flame (28)
 C - a wand of quicksilver (11)
Scrolls
 b - a scroll of poison
 h - a scroll of blinking
 i - 3 scrolls of butterflies
 j - a scroll of magic mapping
 l - 5 scrolls of teleportation
 z - a scroll of enchant weapon
Potions
 c - 3 potions of mutation
 d - 2 potions of haste
 f - 2 potions of invisibility
 g - 3 potions of lignification
 k - a potion of might
 o - 5 potions of curing
 p - a potion of heal wounds {unknown}
 x - a potion of flight {unknown}
 D - a potion of brilliance {unknown}


   Skills:
 + Level 6.4 Fighting
 + Level 6.1 Long Blades
 + Level 6.9 Axes
 + Level 6.5 Armour
 + Level 3.4 Dodging
 + Level 0.5 Stealth
 + Level 1.3 Shields


You had 8 spell levels left.
You didn't know any spells.
Your spell library contained the following spells:

 Spells                   Type           Power      Damage    Failure   Level
 Ozocubu's Armour         Ice            0%         N/A       100%        3
 Tukima's Dance           Hex            0%         N/A       100%        3
 Passage of Golubria      Tloc           0%         N/A       100%        4
 Yara's Violent Unravell  Hex/Tmut       0%         3d3       100%        5
 Ozocubu's Refrigeration  Ice            0%         4d5       100%        7


Dungeon Overview and Level Annotations

Branches:
Dungeon (7/15)             Temple (0/1) D:6         Ossuary (visited)
 Bailey (1/1)

Altars:
Fedhas
Kikubaaqudgha
Ru
Sif Muna

Shops:
D:5 ?   D:7 [


Innate Abilities, Weirdness & Mutations

You have sharp fingernails.
You regenerate health from kills.
You are partially covered in razor-sharp scales. (AC +1, Slay +1)


Message History

The orc warrior barely misses you. The orc warrior barely misses you.
An orc warrior opens the door.
The orc warrior hits you but does no damage.
The orc warrior shouts!
The orc warrior hits you from afar with a +0 trident. x2
The orc warrior hits you from afar with a +0 trident.
The orc warrior closely misses you.
The orc warrior hits you but does no damage.
Your skin crawls.
You feel strong-willed.
The orc warrior hits you from afar with a +0 trident.
The orc warrior hits you from afar with a +0 glaive.
A red film seems to cover your vision as you go berserk!
You feel yourself moving faster!
You feel mighty!
The orc warrior hits you but does no damage.
The orc warrior hits you from afar with a +0 glaive.
You feel a strong urge to attack something.
The orc warrior barely misses you.
The orc warrior hits you but does no damage.
The orc warrior hits you from afar with a +0 glaive!
You closely miss the orc warrior.
The orc warrior hits you with a +0 trident.
The orc warrior hits you from afar with a +0 trident!
The orc warrior hits you from afar with a +0 glaive!
You slash the orc warrior!
The orc warrior is moderately wounded.
You hit the orc warrior but do no damage.
The orc warrior is moderately wounded.
The orc warrior hits you but does no damage.
The orc warrior suddenly complains.
The orc warrior hits you from afar with a +0 trident!
The orc warrior hits you from afar with a +0 glaive!
* * * LOW HITPOINT WARNING * * *
You hit the orc warrior.
The orc warrior is moderately wounded.
The orc warrior hits you from afar with a +0 trident!
* * * LOW HITPOINT WARNING * * *
The orc warrior barely misses you.
The orc warrior hits you with a +0 trident!
You die...

##########..≈≈..###..≈)..#####
#..........≈≈..## ##..)≈......
#.≈≈≈≈≈≈≈≈≈≈..##.∩.##..≈≈)≈≈≈≈
#.≈........).##.....##........
#.≈.#############+###'########
#.≈.## ##.........# # #.≈..##
#+oo§≈§≈§§§..# ## #.≈≈..##
##.o≈≈.§...≈≈..## ##. ##.≈≈..#
#...@o.⌠∩⌠......#'#..
#∩.≈≈..#+#..§§...⌠..§≈≈..#'#..
#.≈≈..##.##.§§§.....§≈..'#.##.
#)≈..##.$.##..§§≈.≈≈§..##...##
#.≈.##.$$$.##.........##.....#
#.≈.#############+############
#.)..........## ##.)......
#.≈≈≈≈≈≈≈≈≈≈..## ##..≈≈≈≈≈≈≈
#..........≈≈..## ##..)≈......


You could see 4 orc warriors.

Vanquished Creatures
  The ghost of ragingrage the Firebug, a novice OgFE of Vehumet (D:6)
  A cyclops (D:6)
  2 wraiths (Ossuary)
  A steam dragon (D:6)
  An orc warrior (D:6)
  An ice beast (D:6)
  A black bear (D:5)
  An ogre (D:5)
  2 phantoms
  Blork the orc (D:5)
  3 bullfrogs (D:7)
  2 scorpions
  A wyvern zombie (D:7)
  9 wights
  3 howler monkeys (D:7)
  A centaur zombie (D:7)
  2 hounds
  An orc priest (D:6)
  2 jellies
  3 iguanas
  An orc wizard (D:4)
  2 howler monkey zombies (D:7)
  4 adders
  A shadow imp (D:5)
  3 white imps
  2 ufetubi (D:6)
  An adder zombie (Ossuary)
  A worm (D:3)
  A dart slug (D:3)
  27 orcs
  8 ball pythons
  2 endoplasms
  2 giant cockroaches
  7 goblins
  4 hobgoblins
  2 jackals (D:5)
  3 quokkas
  2 ball python skeletons (Ossuary)
  6 bats
  2 frilled lizards
  2 hobgoblin zombies (Ossuary)
  4 kobolds
  3 kobold zombies (Ossuary)
  An orc skeleton (Ossuary)
  An orc zombie (Ossuary)
  3 rats
  A bush (D:5)
135 creatures vanquished.

Vanquished Creatures (others)
  An adder (D:4)
  A bush (D:5)
  46 plants (D:7)
  4 withered plants
52 creatures vanquished.

Grand Total: 187 creatures vanquished

Notes
Turn   | Place    | Note
-------+----------+-------------------------------------------
     0 | D:1      | xian the Demonspawn Berserker began the quest for the Orb.
     0 | D:1      | Reached XP level 1. HP: 18/18 MP: 1/1
   560 | D:1      | Gained mutation: You regenerate a little health from kills.
                  | [demonic ancestry]
   560 | D:1      | Reached XP level 2. HP: 15/24 MP: 2/2
  1559 | D:2      | Reached XP level 3. HP: 4/29 MP: 3/3
  2529 | D:2      | Found a faded altar of an unknown god.
  2903 | D:3      | Found a sacrificial altar of Ru.
  2935 | D:3      | Identified the +4 dagger "Nusy" {pain, Dex+4}
  3073 | D:3      | Reached XP level 4. HP: 10/35 MP: 4/4
  3492 | D:3      | Reached ** piety under Trog
  3530 | D:3      | Found an ancient bone altar of Kikubaaqudgha.
  3584 | D:3      | Identified the +3 leather armour of the Abyss {*Slow rF++
                  | rCorr SInv}
  4156 | D:4      | Noticed a phantom
  4158 | D:4      | Gained mutation: You have sharp fingernails. [demonic
                  | ancestry]
  4158 | D:4      | Reached XP level 5. HP: 42/42 MP: 5/5
  4167 | D:4      | Killed a phantom
  4293 | D:4      | You fall into a shaft and drop 2 floors!
  4338 | D:6      | Noticed a steam dragon
  4350 | D:6      | Killed a steam dragon
  4351 | D:6      | Gained mutation: You are partially covered in razor-sharp
                  | scales. (AC +1, Slay +1) [demonic ancestry]
  4351 | D:6      | Reached XP level 6. HP: 32/48 MP: 6/6
  4396 | D:5      | Entered Level 5 of the Dungeon
  4607 | D:5      | Reached skill level 5 in Long Blades
  4629 | D:5      | Reached XP level 7. HP: 54/54 MP: 7/7
  4756 | D:5      | Found Atiopp's Magic Scroll Boutique.
  4765 | D:5      | Upgraded the game from 0.29-a0-925-g0a7a3d12f8 to
                  | 0.29-a0-962-gc8bbfd0a37
  4766 | D:5      | Bought a scroll of identify for 28 gold pieces
  4766 | D:5      | Bought a scroll of identify for 28 gold pieces
  4766 | D:5      | Bought a scroll of identify for 28 gold pieces
  4766 | D:5      | Bought a scroll of identify for 28 gold pieces
  4766 | D:5      | Bought a scroll of noise for 14 gold pieces
  4896 | D:5      | Found a shimmering blue altar of Sif Muna.
  4906 | D:5      | Found a blossoming altar of Fedhas.
  5217 | D:5      | Noticed Blork the orc
  5231 | D:5      | Killed Blork the orc
  6093 | D:6      | Identified the +1 ring mail "Buiqao" {Fly}
  6339 | D:6      | Reached skill level 5 in Armour
  6343 | D:6      | Reached skill level 1 in Axes
  6343 | D:6      | Gained mutation: You regenerate health from kills. [demonic
                  | ancestry]
  6343 | D:6      | Reached XP level 8. HP: 18/61 MP: 8/8
  6741 | D:6      | Found a transporter.
  6745 | D:6      | Noticed ragingrage's ghost (novice OgFE)
  6756 | D:6      | Noticed a cyclops
  6764 | D:6      | Found a transporter.
  6805 | D:6      | Killed a cyclops
  6806 | D:6      | Reached skill level 5 in Fighting
  6813 | D:6      | Killed ragingrage's ghost
  6814 | D:6      | Reached skill level 5 in Axes
  6814 | D:6      | Reached XP level 9. HP: 39/68 MP: 9/9
  7066 | D:6      | Found a staircase to the Ecumenical Temple.
  7251 | D:6      | Identified the +1 robe "Vuokhete" {rElec rC+ Int+2}
  7404 | D:7      | Found Kingohuu's Armour Shoppe.
  7432 | D:7      | Found a sand-covered staircase.
  7455 | D:7      | Reached skill level 1 in Shields
  7468 | Ossuary  | Entered an ossuary
  7632 | Ossuary  | Reached *** piety under Trog
  7844 | D:7      | Found a flagged portal.
  7860 | Bailey   | Entered a bailey
  8110 | Bailey   | Slain by an orc warrior

Illustrated notes

Levels and vault maps discovered:
D:1:      minmay_arrival_four_houses, layout_basic, minmay_surrounded
D:2:      layout_loops_ring, shapermc_ecumenical_altar_mp_urbaneastern
D:3:      layout_loops_ring, kiku_gazebo_garden_becter,
          mainiacjoe_overflow_boulevard
D:4:      kennysheep_slugbush, layout_basic, lemuel_zombie_altar_yredelemnul,
          grunt_decor_clamped, hangedman_decor_slide_cut
D:5:      layout_loops_corners, mainiacjoe_overflow_catch_the_wave,
          serial_shops, nicolae_shop_trees, hangedman_decor_diamond_cutter,
          uniq_blork_the_orc
D:6:      layout_loops_ring, minmay_temple_entry_ruins, gammafunk_ghost_arena
D:7:      layout_cave_pools, evilmike_ruin_ashenzari, zin_angel,
          mainiacjoe_overflow_brackets, enter_bailey_5, serial_undead,
          serial_undead_d, serial_undead_e, serial_undead_f, serial_undead_c,
          serial_shops, nicolae_shop_waterfront, shop,
          lightli_ossuary_entry_decrepit_ruins, serial_bayou_lagoon_a
Bailey:   bailey_polearm_1, bailey

Skill      XL: |  1  2  3  4  5  6  7  8  9 |
---------------+----------------------------+-----
Long Blades    | 3 4 5 6 |  6.1
Dodging        | 2 3 |  3.4
Armour         | 2 3 4 5 6 |  6.5
Fighting       | 4 5 6 |  6.4
Axes           | 1 5 6 |  6.9
Shields        | 1 |  1.3
Stealth        | |  0.5

Action                   |  1- 3 |  4- 6 |  7- 9 || total
-------------------------+-------+-------+-------++-------
Melee: Falchion          |   139 |   106 |    58 ||   303
       Punch             |     3 |     3 |       ||     6
       War axe           |       |       |   191 ||   191
Invok: Berserk           |     2 |     3 |     7 ||    12
       Trog's Hand       |       |       |     3 ||     3
  Use: Scroll            |     7 |     1 |     9 ||    17
       Potion            |       |       |     1 ||     1
Armor: Chain mail        |   116 |    62 |   145 ||   323
       Animal skin       |     1 |       |       ||     1
       Ring mail         |       |       |     5 ||     5
Dodge: Dodged            |    76 |    54 |   136 ||   266
Block: Buckler           |       |       |    32 ||    32

Table legend: (Time is in decaauts)
 A = Elapsed time spent in this place.
 B = Non-inter-level travel time spent in this place.
 C = Inter-level travel time spent in this place.
 D = Time resting spent in this place.
 E = Time spent auto-exploring this place.
 F = Levels seen in this place.
 G = Mean time per level.
                   A        B        C        D        E       F      G
               +--------+--------+--------+--------+--------+-----+--------+
         Total |   8313 |   8010 |    303 |    591 |   5535 |   9 |  923.7 |
       Dungeon |   7719 |   7416 |    303 |    591 |   5355 |   7 | 1102.7 |
       Ossuary |    333 |    333 |      0 |      0 |     63 |   1 |  333.0 |
        Bailey |    260 |    260 |      0 |      0 |    117 |   1 |  260.0 |
               +--------+--------+--------+--------+--------+-----+--------+

Top non-repeatable levels by time:
     D:5: 1687 daAuts
     D:3: 1574 daAuts
     D:1: 1509 daAuts
     D:6: 1461 daAuts
     D:2: 1110 daAuts
 Ossuary: 333 daAuts
  Bailey: 260 daAuts
     D:7: 211 daAuts
     D:4: 164 daAuts
